3L
PHILADELPHIA 1776 BC @ CHICAGO HAWKS
07/14/2028
 
TOP OF THE 1ST
Philadelphia 1776 BC batting - Pitching for Chicago Hawks : RHP Austin Stewart
Pitching: RHP Austin Stewart
Batting: RHB António Granados 0-0: Called Strike
0-1: Ball
1-1: Called Strike
1-2: Foul Ball, location: 2F
1-2: Strikes out swinging
Batting: RHB Patrizio Vanali 0-0: Called Strike
0-1: Foul Ball, location: 2F
0-2: SINGLE (Line Drive, 8LM)
Batting: LHB Manoo Satyavrat 0-0: Ball
1-0: Ball
2-0: Called Strike
2-1: Foul Ball, location: 2F
2-2: Ball
Patrizio Vanali is caught stealing 2nd base
3-2: Foul Ball, location: 2F
3-2: Base on Balls
Batting: RHB Fernando Rivera 0-0: Ball
1-0: Called Strike
1-1: Fielders Choice at 2nd, 6-4 (Groundball, 6)
Top of the 1st over - 0 run(s), 1 hit(s), 0 error(s), 0 left on base; Philadelphia 1776 0 - Chicago 0
BOTTOM OF THE 1ST
Chicago Hawks batting - Pitching for Philadelphia 1776 BC : LHP Carlos Sánchez
Pitching: LHP Carlos Sánchez
Batting: RHB Luis Rodríguez 0-0: Called Strike
0-1: Fly out, F4 (Line Drive, 34)
Batting: RHB Enrique Pérez 0-0: Ball
1-0: Called Strike
1-1: Ball
2-1: Foul Ball, location: 2F
2-2: Strikes out looking
Batting: LHB Scott Janousek 0-0: Ball
1-0: Ball
2-0: Called Strike
2-1: Ball
3-1: Swinging Strike
3-2: Ground out 3-1 (Groundball, 34)
Bottom of the 1st over - 0 run(s), 0 hit(s), 0 error(s), 0 left on base; Philadelphia 1776 0 - Chicago 0
TOP OF THE 2ND
Philadelphia 1776 BC batting - Pitching for Chicago Hawks : RHP Austin Stewart
Batting: SHB Jesús Cabañe 0-0: Called Strike
0-1: Swinging Strike
0-2: Ball
1-2: Strikes out looking
Batting: RHB John Schnatter 0-0: SINGLE (Flyball, 8RS)
Batting: RHB Jesús Orozco 0-0: Called Strike
0-1: Called Strike
0-2: Ball
1-2: Ball
2-2: Foul Ball, location: 2F
2-2: Fly out, F6 (Popup, 56D)
Batting: LHB José Rodríguez 0-0: Ball
1-0: Ball
2-0: Ball
3-0: Called Strike
3-1: Foul Ball, location: 2F
3-2: Foul Ball, location: 2F
3-2: Foul Ball, location: 2F
3-2: Base on Balls
John Schnatter to second
Batting: LHB Cliff Aldridge 0-0: Called Strike
0-1: Foul Ball, location: 2F
0-2: Strikes out looking
Top of the 2nd over - 0 run(s), 1 hit(s), 0 error(s), 2 left on base; Philadelphia 1776 0 - Chicago 0
BOTTOM OF THE 2ND
Chicago Hawks batting - Pitching for Philadelphia 1776 BC : LHP Carlos Sánchez
Batting: RHB Enrique Marroquín 0-0: Ball
1-0: Called Strike
1-1: Fly out, F8 (Flyball, 89M)
Batting: RHB Kumanosuke Asano 0-0: Ball
1-0: Called Strike
1-1: Ground out 6-3 (Groundball, 6)
Batting: RHB Mike Green 0-0: Called Strike
0-1: Ball
1-1: Ball
2-1: Foul Ball, location: 2F
2-2: Strikes out looking
Bottom of the 2nd over - 0 run(s), 0 hit(s), 0 error(s), 0 left on base; Philadelphia 1776 0 - Chicago 0
TOP OF THE 3RD
Philadelphia 1776 BC batting - Pitching for Chicago Hawks : RHP Austin Stewart
Batting: RHB António Granados 0-0: Ball
1-0: Called Strike
1-1: Ball
2-1: Foul Ball, location: 2F
2-2: Ball
3-2: Base on Balls
Batting: RHB Patrizio Vanali 0-0: Ball
1-0: Foul Ball, location: 2F
1-1: Grounds into double play, 6-4-3 (Groundball, 6)
Batting: LHB Manoo Satyavrat 0-0: Ball
1-0: Foul Ball, location: 2F
1-1: Swinging Strike
1-2: Strikes out swinging
Top of the 3rd over - 0 run(s), 0 hit(s), 0 error(s), 0 left on base; Philadelphia 1776 0 - Chicago 0
BOTTOM OF THE 3RD
Chicago Hawks batting - Pitching for Philadelphia 1776 BC : LHP Carlos Sánchez
Batting: LHB Álex Burgos 0-0: Ball
1-0: Ball
2-0: Ball
3-0: Called Strike
3-1: Fly out, F9 (Flyball, 89M)
Batting: RHB Dave Henderson 0-0: Ball
1-0: Swinging Strike
1-1: Fly out, F8 (Flyball, 8LM)
Batting: RHB Lorenzo Sabastro 0-0: Ball
1-0: Ball
2-0: Ball
3-0: Called Strike
3-1: Base on Balls
Batting: RHB Luis Rodríguez 0-0: Ball
1-0: Foul Ball, location: 2F
1-1: Foul Ball, location: 2F
1-2: Ball
2-2: Ground out 5-3 (Groundball, 56)
Bottom of the 3rd over - 0 run(s), 0 hit(s), 0 error(s), 1 left on base; Philadelphia 1776 0 - Chicago 0
TOP OF THE 4TH
Philadelphia 1776 BC batting - Pitching for Chicago Hawks : RHP Austin Stewart
Batting: RHB Fernando Rivera 0-0: Called Strike
0-1: Called Strike
0-2: Ball
1-2: Foul Ball, location: 2F
1-2: Ball
2-2: Foul Ball, location: 2F
2-2: Ball
3-2: Base on Balls
Batting: SHB Jesús Cabañe 0-0: Called Strike
0-1: Ball
1-1: Ball
2-1: SINGLE (Groundball, 3) (infield hit)
Fernando Rivera to second
Batting: RHB John Schnatter 0-0: Called Strike
0-1: SINGLE (Groundball, 6D)
Fernando Rivera to third
Jesús Cabañe to second
Batting: RHB Jesús Orozco 0-0: Ball
1-0: Called Strike
1-1: Foul Ball, location: 2F
1-2: Ball
2-2: Ball
3-2: Base on Balls
Fernando Rivera scores
Jesús Cabañe to third
John Schnatter to second
Batting: LHB José Rodríguez 0-0: Ball
1-0: Fly out, F7 (Flyball, 7S)
Batting: LHB Cliff Aldridge 0-0: SINGLE (Line Drive, 9S)
Jesús Cabañe scores
John Schnatter to third
Jesús Orozco to second
Batting: RHB António Granados 0-0: Ball
1-0: Grounds into double play, 5-4-3 (Groundball, 5)
Top of the 4th over - 2 run(s), 3 hit(s), 0 error(s), 2 left on base; Philadelphia 1776 2 - Chicago 0
BOTTOM OF THE 4TH
Chicago Hawks batting - Pitching for Philadelphia 1776 BC : LHP Carlos Sánchez
Batting: RHB Enrique Pérez 0-0: Ball
1-0: Ground out 5-3 (Groundball, 56)
Batting: LHB Scott Janousek 0-0: Called Strike
0-1: Swinging Strike
0-2: Ball
1-2: Foul Ball, location: 2F
1-2: Ball
2-2: Strikes out looking
Batting: RHB Enrique Marroquín 0-0: Called Strike
0-1: Ball
1-1: Swinging Strike
1-2: Strikes out looking
Bottom of the 4th over - 0 run(s), 0 hit(s), 0 error(s), 0 left on base; Philadelphia 1776 2 - Chicago 0
TOP OF THE 5TH
Philadelphia 1776 BC batting - Pitching for Chicago Hawks : RHP Austin Stewart
Batting: RHB Patrizio Vanali 0-0: Ball
1-0: Called Strike
1-1: Foul Ball, location: 2F
1-2: Foul Ball, location: 2F
1-2: Hit by Pitch
Batting: LHB Manoo Satyavrat 0-0: Reached on error, E4 (Groundball, 4)
Patrizio Vanali to second
Batting: RHB Fernando Rivera 0-0: Fly out, F7 (Flyball, 7S)
Batting: SHB Jesús Cabañe 0-0: Foul Ball, location: 2F
0-1: Swinging Strike
0-2: Fielders Choice at 2nd, 4-6 (Groundball, 4)
Patrizio Vanali to third
Batting: RHB John Schnatter 0-0: Ball
1-0: Fly out, F8 (Flyball, 8RM)
Top of the 5th over - 0 run(s), 0 hit(s), 1 error(s), 2 left on base; Philadelphia 1776 2 - Chicago 0
BOTTOM OF THE 5TH
Chicago Hawks batting - Pitching for Philadelphia 1776 BC : LHP Carlos Sánchez
Batting: RHB Kumanosuke Asano 0-0: Ball
1-0: Ball
2-0: Ball
3-0: Called Strike
3-1: Swinging Strike
3-2: Strikes out swinging
Batting: RHB Mike Green 0-0: Foul Ball, location: 2F
0-1: Ball
1-1: Ball
2-1: Swinging Strike
2-2: Foul Ball, location: 2F
2-2: Reached on error, E1 (Groundball, 13S)
Batting: LHB Álex Burgos 0-0: Foul Ball, location: 2F
0-1: Ball
1-1: Ball
2-1: Foul Ball, location: 2F
2-2: Ball
3-2: Strikes out swinging
Batting: RHB Dave Henderson 0-0: Ball
1-0: Ball
2-0: Called Strike
2-1: Ball
3-1: Base on Balls
Mike Green to second
Batting: RHB Lorenzo Sabastro 0-0: Hit by Pitch
Mike Green to third
Dave Henderson to second
Batting: RHB Luis Rodríguez 0-0: Ball
1-0: Ball
2-0: Fielders Choice at 2nd, 6-4 (Groundball, 56)
Bottom of the 5th over - 0 run(s), 0 hit(s), 1 error(s), 2 left on base; Philadelphia 1776 2 - Chicago 0
TOP OF THE 6TH
Philadelphia 1776 BC batting - Pitching for Chicago Hawks : RHP Austin Stewart
Batting: RHB Jesús Orozco 0-0: Called Strike
0-1: Ball
1-1: Foul Ball, location: 2F
1-2: SINGLE (Groundball, 4D)
Pitching: RHP António Rodríguez
Batting: LHB José Rodríguez 0-0: Bunted foul
0-1: Ball
1-1: Ball
2-1: Reached on error, E5 (Groundball, 5S)
Jesús Orozco to second
Batting: LHB Cliff Aldridge 0-0: Called Strike
0-1: Ball
1-1: Ball
2-1: Ball
3-1: Foul Ball, location: 2F
3-2: Base on Balls
Jesús Orozco to third
José Rodríguez to second
Batting: RHB António Granados 0-0: Called Strike
0-1: Foul Ball, location: 2F
0-2: Strikes out swinging
Batting: RHB Patrizio Vanali 0-0: Ball
1-0: Called Strike
1-1: Called Strike
1-2: Strikes out swinging
Batting: LHB Manoo Satyavrat 0-0: Ball
1-0: Ball
2-0: Ball
3-0: Called Strike
3-1: Foul Ball, location: 2F
3-2: Base on Balls
Jesús Orozco scores
José Rodríguez to third
Cliff Aldridge to second
Batting: RHB Fernando Rivera 0-0: Swinging Strike
0-1: Ball
1-1: Foul Ball, location: 2F
1-2: Foul Ball, location: 2F
Balk!
José Rodríguez scores
Cliff Aldridge to third
Manoo Satyavrat to second
1-2: Ball
2-2: Strikes out swinging
Top of the 6th over - 2 run(s), 1 hit(s), 1 error(s), 2 left on base; Philadelphia 1776 4 - Chicago 0
BOTTOM OF THE 6TH
Chicago Hawks batting - Pitching for Philadelphia 1776 BC : LHP Carlos Sánchez
Batting: RHB Enrique Pérez 0-0: Called Strike
0-1: Fly out, F8 (Flyball, 89D)
Batting: LHB Scott Janousek 0-0: Called Strike
0-1: Ball
1-1: Swinging Strike
1-2: Foul Ball, location: 2F
1-2: Foul Ball, location: 2F
1-2: Ball
2-2: Strikes out swinging
Batting: RHB Enrique Marroquín 0-0: Ball
1-0: Ball
2-0: Called Strike
2-1: Fly out, F9 (Flyball, 89D)
Bottom of the 6th over - 0 run(s), 0 hit(s), 0 error(s), 0 left on base; Philadelphia 1776 4 - Chicago 0
TOP OF THE 7TH
Philadelphia 1776 BC batting - Pitching for Chicago Hawks : RHP António Rodríguez
Batting: SHB Jesús Cabañe 0-0: Ball
1-0: Called Strike
1-1: Ball
2-1: Foul Ball, location: 2F
2-2: Foul Ball, location: 2F
2-2: Foul Ball, location: 2F
2-2: Foul Ball, location: 2F
2-2: Strikes out swinging
Batting: RHB John Schnatter 0-0: Ball
1-0: Ball
2-0: Foul Ball, location: 2F
2-1: Foul Ball, location: 2F
2-2: Ball
3-2: Strikes out swinging
Batting: RHB Jesús Orozco 0-0: Called Strike
0-1: Foul Ball, location: 2F
0-2: Ball
1-2: Strikes out swinging, 2-3 out at first.
Top of the 7th over - 0 run(s), 0 hit(s), 0 error(s), 0 left on base; Philadelphia 1776 4 - Chicago 0
BOTTOM OF THE 7TH
Chicago Hawks batting - Pitching for Philadelphia 1776 BC : LHP Carlos Sánchez
Batting: RHB Kumanosuke Asano 0-0: Foul Ball, location: 2F
0-1: Fly out, F8 (Flyball, 8RM)
Batting: RHB Mike Green 0-0: Ball
1-0: Swinging Strike
1-1: Ball
2-1: Ball
3-1: Base on Balls
Batting: LHB Álex Burgos 0-0: Ball
1-0: Called Strike
1-1: Fly out, F5 (Popup, 5D)
Batting: RHB Dave Henderson 0-0: Ball
1-0: Ball
2-0: Ball
3-0: Called Strike
3-1: Swinging Strike
3-2: Base on Balls
Mike Green to second
Batting: RHB Lorenzo Sabastro 0-0: Ball
1-0: Ball
2-0: Fly out, F8 (Line Drive, 8LM)
Bottom of the 7th over - 0 run(s), 0 hit(s), 0 error(s), 2 left on base; Philadelphia 1776 4 - Chicago 0
TOP OF THE 8TH
Philadelphia 1776 BC batting - Pitching for Chicago Hawks : RHP António Rodríguez
Batting: LHB José Rodríguez 0-0: Fly out, F8 (Flyball, 8LS)
Now in CF: Albert González
Batting: LHB Cliff Aldridge 0-0: Called Strike
0-1: Swinging Strike
0-2: Strikes out swinging
Pitching: RHP Tom Bowen
Batting: RHB António Granados 0-0: Ball
1-0: Ball
2-0: SINGLE (Line Drive, 89S)
Batting: RHB Patrizio Vanali 0-0: Swinging Strike
0-1: Foul Ball, location: 2F
0-2: Foul Ball, location: 2F
0-2: Reached on error, E9 (Flyball, 9)
António Granados to third
Batting: LHB Manoo Satyavrat 0-0: Ball
1-0: Ball
2-0: Foul Ball, location: 2F
2-1: Foul Ball, location: 2F
2-2: Ball
3-2: Base on Balls
Batting: RHB Fernando Rivera 0-0: Ball
1-0: Swinging Strike
1-1: Ball
2-1: Ball
3-1: Base on Balls
António Granados scores
Patrizio Vanali to third
Manoo Satyavrat to second
Batting: SHB Jesús Cabañe 0-0: Ball
1-0: Foul Ball, location: 2F
1-1: Foul Ball, location: 2F
1-2: Hit by Pitch
Patrizio Vanali scores
Manoo Satyavrat to third
Fernando Rivera to second
Batting: RHB John Schnatter 0-0: Called Strike
0-1: Called Strike
0-2: Ball
1-2: Ball
2-2: Fly out, F8 (Flyball, 8LS)
Top of the 8th over - 2 run(s), 1 hit(s), 1 error(s), 3 left on base; Philadelphia 1776 6 - Chicago 0
BOTTOM OF THE 8TH
Chicago Hawks batting - Pitching for Philadelphia 1776 BC : LHP Carlos Sánchez
Batting: LHB Albert González 0-0: Ball
1-0: Fly out, F8 (Flyball, 8RS)
Batting: RHB Enrique Pérez 0-0: Ball
1-0: Called Strike
1-1: Called Strike
1-2: Strikes out looking
Batting: LHB Scott Janousek 0-0: Fly out, F8 (Flyball, 8LM)
Bottom of the 8th over - 0 run(s), 0 hit(s), 0 error(s), 0 left on base; Philadelphia 1776 6 - Chicago 0
TOP OF THE 9TH
Philadelphia 1776 BC batting - Pitching for Chicago Hawks : RHP Tom Bowen
Batting: RHB Jesús Orozco 0-0: Ball
1-0: Called Strike
1-1: Called Strike
1-2: Foul Ball, location: 2F
1-2: Ball
2-2: Ball
3-2: Foul Ball, location: 2F
3-2: DOUBLE (Groundball, 3L)
Batting: LHB José Rodríguez 0-0: Foul Ball, location: 2F
0-1: Ground out 4-3 (Groundball, 4)
Jesús Orozco to third
Batting: LHB Cliff Aldridge 0-0: Swinging Strike
0-1: Ball
1-1: Fly out, F7 (Flyball, 78M)
Runner from 3rd tags up, SCORES, no throw
Batting: RHB António Granados 0-0: Called Strike
0-1: SINGLE (Line Drive, 3)
Batting: RHB Patrizio Vanali 0-0: Foul Ball, location: 2F
0-1: Ball
1-1: Foul Ball, location: 2F
1-2: Ball
2-2: Foul Ball, location: 2F
2-2: SINGLE (Groundball, 56D)
António Granados to second
Batting: LHB Manoo Satyavrat 0-0: Called Strike
0-1: Foul Ball, location: 2F
0-2: Ball
1-2: Ball
2-2: Foul Ball, location: 2F
2-2: Strikes out swinging
Top of the 9th over - 1 run(s), 3 hit(s), 0 error(s), 2 left on base; Philadelphia 1776 7 - Chicago 0
BOTTOM OF THE 9TH
Chicago Hawks batting - Pitching for Philadelphia 1776 BC : LHP Carlos Sánchez
Batting: RHB Enrique Marroquín 0-0: Fly out, F7 (Flyball, 7LDF)
Batting: RHB Kumanosuke Asano 0-0: Ground out 4-3 (Groundball, 4M)
Batting: RHB Mike Green 0-0: Ground out 6-3 (Groundball, 6)
Bottom of the 9th over - 0 run(s), 0 hit(s), 0 error(s), 0 left on base; Philadelphia 1776 7 - Chicago 0
Tuesday, August 15th, 2017 - OOTP Baseball 17.12 Build 75